 Dungeon Crawl Stone Soup version 0.15-a0-2075-ga361405 (webtiles) character file.

38746 N00bl0rd the Eclecticist (level 13, -11/61 (63) HPs)
             Began as a Deep Elf Conjurer on July 14, 2014.
             Was an Elder of Vehumet.
             Killed by the air
             ... invoked by a wind drake
              (22 damage)
             ... on Level 2 of the Shoals.
             The game lasted 02:11:27 (19077 turns).

N00bl0rd the Eclecticist (Deep Elf Conjurer)       Turns: 19077, Time: 02:11:27

HP -11/61 (63)   AC 13     Str  5      XL: 13   Next: 65%
MP  16/54        EV 15     Int 26      God: Vehumet [****..]
Gold 837         SH  0     Dex 15      Spells: 13 memorised,  2 levels left

rFire  + . .     SeeInvis .     L - staff of power
rCold  . . .     Clarity  .     Z - +3 leather armour {rF+}
rNeg   . . .     rCorr    .     (no shield)
rPois  +         rRot     .     Q - +0 helmet
rElec  .         Spirit   .     n - +0 cloak
SustAb .         Warding  .     m - +1 pair of gloves
rMut   .         Stasis   .     p - +2 pair of boots
Gourm  .                        (no amulet)
MR     ++...                    I - ring of protection from magic
                                V - ring of poison resistance

@: flying, mesmerised, repel missiles, very resistant to hostile enchantments,
unstealthy
A: slow metabolism 1, wild magic 1
a: Renounce Religion


You were on level 2 of the Shoals.
You worshipped Vehumet.
Vehumet was greatly pleased with you.
You were not hungry.

You visited 4 branches of the dungeon, and saw 17 of its levels.
You also visited: Labyrinth and Volcano.

You collected 837 gold pieces.

Inventory:

Hand weapons
 E - the +3 trident of Winter {venom, +Blink rPois}
   (You found it on level 4 of the Lair of Beasts)

   It poisons the flesh of those it strikes.
   It protects you from poison.
   It lets you blink.
Armour
 m - a +1 pair of gloves (worn)
 n - a +0 cloak (worn)
 p - a +2 pair of boots (worn)
 Q - a +0 helmet (worn)
 Z - a +3 leather armour of fire resistance (worn)
Magical devices
 h - a wand of draining (9)
 o - a wand of digging (22)
Comestibles
 a - a beef jerky
 b - 8 bread rations
 l - 8 meat rations
 r - a rotting chunk of sea snake flesh
 M - 18 royal jellies
Scrolls
 c - a scroll of summoning {unknown}
 f - 4 scrolls of identify
 g - 3 scrolls of remove curse
 i - 2 scrolls of vulnerability
 j - 6 scrolls of immolation
 s - a scroll of blinking {unknown}
 z - 2 scrolls of fear
 C - 3 scrolls of teleportation
 G - a scroll of fog
 J - 7 scrolls of recharging
 T - 2 scrolls of amnesia
Jewellery
 v - an uncursed ring of fire
 y - an uncursed ring of positive energy
 I - a ring of protection from magic (right hand)
 V - a ring of poison resistance (left hand)
Potions
 d - 2 potions of curing
 e - a potion of resistance
 k - 4 potions of agility
 q - a potion of porridge
 w - 2 potions of haste
 x - a potion of restore abilities
 B - a potion of invisibility
 O - 2 potions of cancellation
Books
 U - Sif Muna's Handbook of Beguiling
   (You found it in a labyrinth)

   Spells                             Type                      Level
   Slow                               Hexes                        2
   Ensorcelled Hibernation            Hexes/Ice                    2
   Leda's Liquefaction                Hexes/Earth                  4
   Summon Guardian Golem              Hexes/Summoning              4
   *Cause Fear                        Hexes                        4
Magical staves
 L - an uncursed staff of power (weapon)
Miscellaneous
 u - a lantern of shadows


   Skills:
 + Level 9.3 Dodging
 - Level 2.4 Stealth
 * Level 16.5 Spellcasting
 + Level 13.9 Conjurations
 - Level 5.2 Hexes
 - Level 9.1 Charms
 * Level 9.4 Translocations
 - Level 7.3 Air Magic


You had 2 spell levels left.
You knew the following spells:

 Your Spells              Type           Power        Failure   Level  Hunger
a - Magic Dart            Conj           ####         1%          1    None
b - Searing Ray           Conj           ######       1%          2    None
c - Dazzling Spray        Conj/Hex       #######.     1%          3    None
d - Iskenderun's Mystic   Conj           #######.     1%          4    None
e - Fulminant Prism       Conj/Hex       #######...   1%          4    None
f - Iskenderun's Battles  Conj/Chrm      #######.     1%          5    None
g - Repel Missiles        Chrm/Air       ######       1%          2    None
h - Swiftness             Chrm/Air       #######.     1%          2    None
i - Lightning Bolt        Conj/Air       #######...   1%          5    None
j - Phase Shift           Tloc           #######...   4%          5    None
k - Conjure Flame         Conj/Fire      ######..     1%          3    None
l - Flight                Chrm/Air       #######...   1%          3    None
m - Cause Fear            Hex            ######....   9%          4    None


Dungeon Overview and Level Annotations

Branches:
Dungeon (9/15)             Temple (1/1) D:4            Lair (5/8) D:8
 Shoals (2/5) Lair:5
    Orc: D:9-12       Swamp: Lair:3-6     Snake: Lair:3-6    Spider: Lair:3-6

Altars:
Ashenzari
Cheibriados
Dithmenos
Elyvilon
Fedhas
Gozag
Kikubaaqudgha
Makhleb
Nemelex Xobeh
Okawaru
Qazlal
Sif Muna
Trog
Vehumet
Xom
Yredelemnul
Zin
The Shining One

Shops:
D:7 (

Annotations:
Lair:5 e


Innate Abilities, Weirdness & Mutations

You have a slow metabolism.
Your spells are a little harder to cast, but a little more powerful.


Message History

Casting: Iskenderun's Mystic Blast
Confirm with . or Enter, or press ? or * to list all spells.
Aiming: Iskenderun's Mystic Blast
Press: ? - help, Shift-Dir - straight line, f/p - wind drake
Aim: a wind drake (severely wounded, deflecting missiles)
The wind drake deflects the orb of energy!
Your battlesphere wavers and loses cohesion.
The mermaid zaps a wand.
You resist with almost no effort.
Unknown command.
Casting: Iskenderun's Mystic Blast
Confirm with . or Enter, or press ? or * to list all spells.
Aiming: Iskenderun's Mystic Blast
Press: ? - help, Shift-Dir - straight line, f/p - wind drake
Aim: a wind drake (severely wounded, deflecting missiles)
The wind drake deflects the orb of energy!
The orb of energy explodes!
The mystic blast hits the mermaid.
The mermaid is almost dead.
The wind drake flaps its wings at you.
The air twists around and violently strikes you in flight!
You die...

...###[............≈≈≈.
..........####......≈..
....#.....# #......
≈≈........># #.....
≈≈≈≈..≈≈...###.....
≈≈≈≈≈≈............
≈≈≈≈≈≈≈.........≈≈≈
≈≈≈≈≈.........≈≈≈≈
≈≈≈≈≈....@.....)..
≈≈≈≈≈.§....###....
≈≈≈...[...# ...
≈≈........# .
≈...##.k... ≈># #......
. #......≈ ..≈m≈..≈
≈≈≈.


You could see a wind drake and a mermaid.

Vanquished Creatures
  Maud (Lair:4)
  Gastronok (Lair:1)
  A minotaur (Lab)
  3 hydras
  5 death yaks (Lair:5)
  A catoblepas (Lair:4)
  Erolcha (D:8)
  2 sea snakes
  5 harpies (Shoals:1)
  3 fauns (Shoals:2)
  3 manticores
  A griffon (Lair:2)
  3 mermaids
  A water nymph (Shoals:2)
  3 black mambas
  3 spiny frogs
  3 komodo dragons
  A queen bee (Lair:4)
  4 fire drakes
  2 merfolk (Shoals:1)
  A polar bear (Lair:4)
  A snapping turtle (Shoals:1)
  Prince Ribbit (D:4)
  A boulder beetle (Lair:5)
  3 two-headed ogres (Volcano)
  13 blink frogs
  2 wyverns
  11 hippogriffs
  27 yaks
  3 wolves (Lair:3)
  A hog (Volcano)
  A fulminant prism (Lair:2)
  2 deep elf fighters (Volcano)
  Menkaure (D:4)
  7 water moccasins
  An ice beast (D:8)
  8 porcupines
  2 phantoms
  An orc warrior (D:7)
  6 necrophages
  3 ogres
  A sky beast (D:9)
  6 crocodiles
  A boring beetle (Lair:4)
  6 centaurs
  10 giant frogs
  A cyclops skeleton (D:8)
  33 killer bees
  An electric eel (Lair:3)
  A vampire bat (Lair:3)
  9 wights (D:7)
  A jelly (D:6)
  An elf zombie (D:7)
  A goliath beetle (D:7)
  4 hounds
  A centaur skeleton (D:6)
  2 crimson imps
  3 gnoll shamans
  7 iguanas
  3 orc priests
  6 orc wizards
  6 worker ants
  An ogre zombie (D:5)
  An ogre skeleton (D:4)
  A big kobold skeleton (D:5)
  2 mummies (D:7)
  A hound skeleton (D:4)
  16 adders
  21 gnolls
  An orc skeleton (D:4)
  An inept feature mimic (D:5)
  An inept item mimic (D:3)
  A shadow imp (D:7)
  A giant mite (D:2)
  4 worms
  An adder skeleton (D:4)
  An iguana skeleton (D:7)
  10 giant geckos
  4 oozes
  43 orcs
  2 ball pythons
  A bat skeleton (D:6)
  5 giant cockroaches
  16 goblins
  27 hobgoblins
  8 jackals
  15 quokkas
  24 bats
  7 giant newts
  2 gnoll zombies (D:8)
  A hobgoblin skeleton (D:4)
  A hobgoblin zombie (D:8)
  19 kobolds
  A kobold skeleton (D:5)
  10 rats
  2 fungi
  2 plants (Shoals:1)
501 creatures vanquished.

Vanquished Creatures (others)
  35 fulminant prisms
  A fungus (Lair:1)
  2 plants
38 creatures vanquished.

Grand Total: 539 creatures vanquished

Notes
Turn   | Place    | Note
--------------------------------------------------------------
     0 | D:1      | N00bl0rd, the Deep Elf Conjurer, began the quest for the Orb.
     0 | D:1      | Reached XP level 1. HP: 10/10 MP: 5/5
   258 | D:1      | Reached XP level 2. HP: 15/15 MP: 1/8
   262 | D:1      | Learned a level 2 spell: Searing Ray
   873 | D:2      | Reached skill level 5 in Conjurations
   936 | D:2      | Reached XP level 3. HP: 15/19 MP: 4/11
   941 | D:2      | Learned a level 3 spell: Dazzling Spray
  1564 | D:2      | Reached XP level 4. HP: 24/24 MP: 8/15
  1579 | D:2      | Learned a level 4 spell: Iskenderun's Mystic Blast
  2165 | D:2      | Reached skill level 6 in Conjurations
  2456 | D:3      | Reached XP level 5. HP: 4/28 MP: 11/18
  2829 | D:3      | Found a sparkling altar of Nemelex Xobeh.
  3159 | D:3      | Reached skill level 5 in Spellcasting
  3408 | D:3      | Gained mutation: Your spells are a little harder to cast, but a little more powerful. [potion of mutation]
  3408 | D:3      | Gained mutation: You have a slow metabolism. [potion of mutation]
  3547 | D:4      | Noticed Prince Ribbit
  3860 | D:4      | Noticed an ogre
  3860 | D:4      | Reached skill level 7 in Conjurations
  3879 | D:4      | Killed an ogre
  3879 | D:4      | Reached XP level 6. HP: 32/32 MP: 2/21
  4690 | D:4      | Noticed Menkaure
  4695 | D:4      | Killed Menkaure
  4695 | D:4      | Reached skill level 8 in Conjurations
  4695 | D:4      | Reached XP level 7. HP: 36/36 MP: 10/24
  4827 | D:4      | Killed Prince Ribbit
  4947 | D:4      | Found a staircase to the Ecumenical Temple.
  4956 | Temple   | Entered the Ecumenical Temple
  5106 | D:4      | Reached skill level 9 in Conjurations
  5294 | D:4      | Learned a level 4 spell: Fulminant Prism
  5300 | D:4      | Learned a level 5 spell: Iskenderun's Battlesphere
  5553 | D:5      | Entered Level 5 of the Dungeon
  5769 | D:5      | Reached XP level 8. HP: 35/41 MP: 2/26
  6202 | D:5      | Found a glowing silver altar of Zin.
  6483 | D:5      | Reached skill level 10 in Conjurations
  6592 | D:6      | Reached skill level 1 in Charms
  6643 | D:6      | Reached skill level 1 in Hexes
  6790 | D:6      | Found a shadowy altar of Dithmenos.
  7489 | D:7      | Reached XP level 9. HP: 45/45 MP: 22/29
  7697 | D:6      | Reached skill level 11 in Conjurations
  7824 | D:7      | Reached skill level 10 in Spellcasting
  8533 | D:7      | Reached skill level 5 in Charms
  8708 | D:7      | Found Ydippuaj's Antique Weapon Emporium.
  8908 | D:8      | Reached skill level 5 in Hexes
  8949 | D:8      | Found a basalt altar of Yredelemnul.
  9009 | D:8      | Found a staircase to the Lair.
  9010 | D:8      | Noticed a fire drake
  9014 | D:8      | Killed a fire drake
  9113 | D:8      | Got a transparent cutlass
  9125 | D:8      | Identified the +7 cutlass "Killer Klown's Death" {antimagic, -Tele +Inv rElec rPois rC+ SInv Stlth+} (You found it on level 8 of the Dungeon)
  9176 | D:8      | Learned a level 2 spell: Repel Missiles
  9179 | D:8      | Learned a level 2 spell: Swiftness
  9185 | D:8      | Learned a level 5 spell: Lightning Bolt
  9214 | D:8      | Reached skill level 1 in Air Magic
  9464 | D:8      | Reached XP level 10. HP: 48/48 MP: 14/32
  9946 | D:8      | Found a shimmering altar of Xom.
 10059 | D:8      | Noticed Erolcha
 10072 | D:8      | Killed Erolcha
 10276 | D:8      | Reached skill level 5 in Air Magic
 10399 | D:9      | Identified the Papyrus of Transformation
 10436 | D:9      | Found a radiant altar of Vehumet.
 10440 | D:9      | Found a bloodstained altar of Trog.
 10444 | D:9      | Became a worshipper of Vehumet
 10524 | Lair:1   | Entered Level 1 of the Lair of Beasts
 10916 | Lair:1   | Noticed a black mamba
 10918 | Lair:1   | Killed a black mamba
 11108 | Lair:1   | Noticed Gastronok
 11117 | Lair:1   | Killed Gastronok
 11117 | Lair:1   | Reached XP level 11. HP: 52/52 MP: 2/33
 11298 | Lair:1   | Learned a level 5 spell: Phase Shift
 11389 | Lair:1   | Reached skill level 12 in Conjurations
 11389 | Lair:1   | Reached skill level 1 in Translocations
 11722 | Lair:1   | Acquired Vehumet's first power
 11722 | Lair:1   | Offered knowledge of Flame Tongue by Vehumet.
 12407 | Lair:2   | Found a labyrinth entrance.
 12420 | Lab      | Entered a labyrinth
 13136 | Lab      | Noticed a minotaur
 13156 | Lab      | Killed a minotaur
 13156 | Lab      | Reached skill level 5 in Dodging
 13211 | Lab      | Identified Sif Muna's Handbook of Beguiling
 13211 | Lab      | Got a flickering granite ring
 13213 | Lab      | Identified the ring of Guxafis {-Cast rPois} (You found it in a labyrinth)
 13225 | Lab      | Identified a cursed +4 rod of striking (14/14) (You found it in a labyrinth)
 13542 | Lair:2   | Noticed a seven-headed hydra
 13546 | Lair:2   | Killed a seven-headed hydra
 14131 | Lair:3   | Noticed an eight-headed hydra
 14136 | Lair:3   | Killed an eight-headed hydra
 14136 | Lair:3   | Reached skill level 13 in Spellcasting
 14136 | Lair:3   | Reached skill level 5 in Translocations
 14172 | Lair:3   | Found a dark tunnel.
 14227 | Volcano  | Entered a volcano
 14240 | Volcano  | Offered knowledge of Throw Frost by Vehumet.
 14248 | Volcano  | Reached XP level 12. HP: 57/57 MP: 1/35
 14362 | Lair:3   | Found a bloodstained altar of Trog.
 14473 | Lair:3   | Noticed a five-headed hydra
 14779 | Lair:3   | Killed a five-headed hydra
 15029 | Lair:3   | Reached skill level 14 in Spellcasting
 15034 | Lair:3   | Offered knowledge of Conjure Flame by Vehumet.
 15042 | Lair:3   | Learned a level 3 spell: Conjure Flame
 15046 | Lair:3   | Found an iron altar of Okawaru.
 15382 | Lair:3   | Acquired Vehumet's second power
 16211 | Lair:4   | Offered knowledge of Olgreb's Toxic Radiance by Vehumet.
 16251 | Lair:4   | Noticed Maud
 16509 | Lair:4   | Killed Maud
 16509 | Lair:4   | Reached skill level 15 in Spellcasting
 16668 | Lair:4   | Got an encrusted trident
 16670 | Lair:4   | Identified the +3 trident of Winter {venom, +Blink rPois} (You found it on level 4 of the Lair of Beasts)
 17449 | Lair:5   | Learned a level 3 spell: Flight
 17575 | Lair:5   | Reached XP level 13. HP: 61/61 MP: 35/37
 17722 | Lair:5   | Acquired Vehumet's third power
 17866 | Lair:5   | Found a staircase to the Shoals.
 17953 | Shoals:1 | Entered Level 1 of the Shoals
 17966 | Shoals:1 | Offered knowledge of Venom Bolt by Vehumet.
 18005 | Shoals:1 | Learned a level 4 spell: Cause Fear
 18171 | Shoals:1 | Reached skill level 16 in Spellcasting
 19077 | Shoals:2 | Killed from afar by a wind drake

Action                   |  1- 3 |  4- 6 |  7- 9 | 10-12 | 13-15 || total
-------------------------+-------+-------+-------+-------+-------++-------
Melee: Unarmed           |       |     4 |       |       |       ||     4
       Spear             |       |       |     1 |     1 |       ||     2
       Staff             |       |       |       |     1 |     3 ||     4
 Cast: Magic Dart        |    70 |   113 |   119 |   107 |    15 ||   424
       Searing Ray       |     4 |    22 |    54 |    15 |     5 ||   100
       Iskenderun's Myst |       |    10 |    60 |    59 |     9 ||   138
       Dazzling Spray    |       |    11 |    16 |       |       ||    27
       Iskenderun's Batt |       |       |     6 |    78 |    20 ||   104
       Fulminant Prism   |       |       |     6 |    28 |     2 ||    36
       Repel Missiles    |       |       |       |     1 |       ||     1
       Lightning Bolt    |       |       |       |    75 |    45 ||   120
       Conjure Flame     |       |       |       |     5 |     5 ||    10
       Flight            |       |       |       |       |    18 ||    18
Evoke: Wand              |     1 |     1 |     3 |     2 |     1 ||     8
  Use: Scroll            |       |     5 |     6 |    20 |       ||    31
       Potion            |       |     4 |     3 |     2 |       ||     9
 Stab: Sleeping          |       |       |     1 |       |       ||     1
  Eat: Chunk             |     1 |    11 |    10 |    13 |     1 ||    36
       Pizza             |       |       |     1 |     1 |       ||     2
       Beef jerky        |       |       |       |     4 |     1 ||     5
